 Dungeon Crawl Stone Soup version 0.16.1-30-g34a7ffa (webtiles) character file.

498 kae the Conjurer (level 7, -2/36 HPs)
             Began as a Tengu Fire Elementalist on June 28, 2015.
             Slain by an orc
             ... wielding a +0 trident of venom
              (9 damage)
             ... on level 4 of the Dungeon.
             The game lasted 00:06:22 (4109 turns).

kae the Conjurer (Tengu Fire Elementalist)          Turns: 4109, Time: 00:06:22

Health: -2/36      AC:  4    Str: 13    XL:     7   Next: 16%
Magic:  3/16       EV: 16    Int: 18    God:
Gold:   128        SH:  0    Dex: 14    Spells: 3 memorised, 6 levels left

rFire  . . .     SeeInvis .     h - +4 dagger
rCold  . . .     Clarity  .     a - +0 robe
rNeg   . . .     SustAb   +     (no shield)
rPois  .         Gourm    .     (helmet restricted)
rElec  .         Spirit   .     p - +0 cloak
rCorr  .         Warding  .     q - +0 pair of gloves
rMut   .         Stasis   .     (boots unavailable)
MR     .....                    w - amulet of rage
Stlth  ++........               s - ring of sustain abilities
                                v - +4 ring of evasion

@: mighty, lethally poisoned (-2 -> -5), not resistant to hostile enchantments,
unstealthy
A: able to fly, beak, talons 3
a: Fly, Evoke Berserk Rage


You were on level 4 of the Dungeon.
You were hungry.

You visited 1 branch of the dungeon, and saw 4 of its levels.

You collected 128 gold pieces.

Inventory:

Hand weapons
 h - a +4 dagger (weapon)
Armour
 a - a +0 robe (worn)
 p - a +0 cloak (worn)
 q - a +0 pair of gloves (worn)
Jewellery
 r - an uncursed ring of protection from cold
 s - a ring of sustain abilities (right hand)
 v - a +4 ring of evasion (left hand)
 w - an amulet of rage (around neck)
Scrolls
 g - 3 scrolls of identify
Potions
 e - 2 potions of agility
 i - a potion of resistance {unknown}
 j - a potion of poison {unknown}
 t - a potion of haste {unknown}
Books
 b - a book of Flames

   Spells                             Type                      Level
   a - Flame Tongue                   Conjuration/Fire             1
   b - Throw Flame                    Conjuration/Fire             2
   c - Conjure Flame                  Conjuration/Fire             3
   d - Inner Flame                    Hexes/Fire                   3
   e - Sticky Flame                   Conjuration/Fire             4
   f - Fireball                       Conjuration/Fire             5
Comestibles
 c - 3 bread rations
 d - a slice of pizza
 u - 2 meat rations
 x - a beef jerky
 A - a chunk of flesh


   Skills:
 - Level 2.1 Dodging
 - Level 2.0 Stealth
 + Level 3.2 Spellcasting
 * Level 6.4 Conjurations
 * Level 6.0 Fire Magic


You had 6 spell levels left.
You knew the following spells:

 Your Spells              Type           Power        Failure   Level  Hunger
a - Flame Tongue          Conj/Fire      ####.        1%          1    None
b - Throw Flame           Conj/Fire      ####..       1%          2    ##.....
c - Conjure Flame         Conj/Fire      ####....     3%          3    ###....


Dungeon Overview and Level Annotations

Branches:
Dungeon (4/15)
 Temple: D:4-7

Altars:
Dithmenos
Xom


Innate Abilities, Weirdness & Mutations

You can fly.
You have a beak for a mouth.
You have claws for feet.


Message History

The orc closely misses you.
You closely miss the crimson imp. Your kick misses the crimson imp.
Your peck misses the crimson imp.
You feel sick. The crimson imp misses you. The orc misses you. x2
You barely miss the crimson imp. You claw the crimson imp!
The crimson imp is heavily wounded.
The crimson imp completely misses you. The orc misses you.
You barely miss the crimson imp. Your peck misses the crimson imp.
The crimson imp is heavily wounded.
The orc completely misses you. The crimson imp closely misses you.
The orc hits you with a war axe!
* * * LOW HITPOINT WARNING * * *
You are too injured to fight recklessly!
You are too injured to fight recklessly!
You are too injured to fight recklessly!
You hit the orc.
You kill the orc!
You feel sick.
The orc hits you from afar with a trident of venom!
You die...

#...#.#.....######,,,,,**,,*
#...#..##[#........,,,,,,,,**
....##.##...###..*,,,,,,,,,,***
....##.##....#**,,,,,,,,,,*,,,***
....##....##.########,,,,,,,,,,,,
....##....##....#.#.#,,,,,,.,,**,
...........##...#.#.#,,,,...,,***
..[.............#...###......,*
....##.....#...)@5_.'........,*
....[......#..o.#...###.)....,*
..###.÷<........#.#)###.,..o,,*
..* ##.....##.#.#.#.##..***#*,**
..###......##...######.#* *,,*
...................# #.# **,*
..§..............#.# #.# *,**
,.§§..##.........#.###.#######,,,
,§.###*#............†..........,,


You could see a crimson imp and an orc.

Vanquished Creatures
  A water moccasin zombie (D:4)
  A centaur zombie (D:4)
  A crimson imp (D:4)
  2 orc priests
  3 orc wizards
  3 worker ants (D:4)
  Terence (D:3)
  7 adders
  A giant mite (D:2)
  A worm (D:1)
  An adder skeleton (D:4)
  2 giant geckos (D:3)
  2 oozes
  11 orcs
  A giant cockroach (D:1)
  11 hobgoblins
  3 jackals (D:4)
  2 quokkas (D:2)
  A ball python (D:3)
  12 bats
  A giant cockroach zombie (D:4)
  6 giant newts
  4 goblins
  5 kobolds
  8 rats
91 creatures vanquished.

Vanquished Creatures (others)
  A butterfly (D:4)
1 creature vanquished.

Grand Total: 92 creatures vanquished

Notes
Turn   | Place    | Note
--------------------------------------------------------------
     0 | D:1      | kae, the Tengu Fire Elementalist, began the quest for the Orb.
     0 | D:1      | Reached XP level 1. HP: 10/10 MP: 3/3
   186 | D:1      | Reached XP level 2. HP: 15/15 MP: 3/5
   988 | D:1      | Reached XP level 3. HP: 15/19 MP: 7/7
  1147 | D:2      | Found a shadowy altar of Dithmenos.
  1162 | D:2      | Reached skill level 4 in Fire Magic
  1221 | D:2      | Reached XP level 4. HP: 21/24 MP: 3/8
  2281 | D:2      | Reached XP level 5. HP: 8/28 MP: 4/11
  2599 | D:2      | Learned a level 2 spell: Throw Flame
  2603 | D:2      | Learned a level 3 spell: Conjure Flame
  2827 | D:3      | Noticed Terence
  2842 | D:3      | Killed Terence
  2842 | D:3      | Reached skill level 5 in Conjurations
  2842 | D:3      | Reached skill level 5 in Fire Magic
  3320 | D:4      | Reached XP level 6. HP: 14/32 MP: 8/13
  3948 | D:4      | Reached skill level 6 in Conjurations
  4050 | D:4      | Found a shimmering altar of Xom.
  4054 | D:4      | Reached XP level 7. HP: 30/36 MP: 11/16
  4109 | D:4      | Slain by an orc

Action                   |  1- 3 |  4- 6 |  7- 9 || total
-------------------------+-------+-------+-------++-------
Melee: Unarmed           |     5 |       |       ||     5
       Dagger            |    20 |    30 |    17 ||    67
 Cast: Flame Tongue      |    30 |   100 |    11 ||   141
       Throw Flame       |       |    15 |     3 ||    18
       Conjure Flame     |       |     1 |       ||     1
  Use: Scroll            |       |     7 |       ||     7
       Potion            |       |       |     2 ||     2
 Stab: Sleeping          |     3 |     1 |       ||     4
  Eat: Chunk             |     1 |    10 |       ||    11
